 Dungeon Crawl Stone Soup version 0.22-a0-439-gac93bac (webtiles) character file.

5216 Borgoz the Nimble (level 10, -3/82 (86) HPs)
             Began as a Ghoul Gladiator on May 29, 2018.
             Shot with an arrow by a centaur warrior (5 damage)
             ... on level 13 of the Dungeon.
             The game lasted 00:18:31 (7766 turns).

Borgoz the Nimble (Ghoul Gladiator)                 Turns: 7766, Time: 00:18:32

HP:   -3/82 (86)    AC:  7    Str: 19    XL:     10   Next: 61%
MP:   9/9           EV: 17    Int:  3    God:
Gold: 259           SH:  0    Dex: 13    Spells: 9/9 levels left

rFire    . . .     SeeInvis .     - Unarmed
rCold    + . .     Gourm    .   (no shield)
rNeg     + + +     Faith    .   a - +0 leather armour
rPois    ∞         Spirit   .   b - +0 helmet
rElec    .         Reflect  .   (no cloak)
rCorr    .         Harm     .   (no gloves)
MR       .....                  y - +1 pair of boots
Stlth    +.........             (no amulet)
HPRegen  0.00/turn              (no ring)
MPRegen  0.11/turn              (no ring)

@: rotting
A: rotting body, claws 1, carnivore, cold resistance 1, negative energy
resistance 3, inhibited regeneration, torment resistance, unbreathing
a: no special abilities


You were on level 13 of the Dungeon.
You were not hungry.

You visited 2 branches of the dungeon, and saw 13 of its levels.
You also visited: Sewer.

You collected 341 gold pieces.
You spent 82 gold pieces at shops.

Inventory:

Missiles
 c - 5 throwing nets (quivered)
Armour
 a - a +0 leather armour (worn)
 b - a +0 helmet (worn)
 y - a +1 pair of boots (worn)
Jewellery
 f - an uncursed ring of magical power
 C - an uncursed amulet of magic regeneration
Wands
 e - a wand of random effects (27)
 o - a wand of digging (9)
 q - a wand of paralysis (16)
 s - a wand of polymorph (31)
 F - a wand of iceblast (6)
Scrolls
 h - a scroll of fog {unknown}
 i - 3 scrolls of enchant weapon
 j - a scroll of teleportation
 k - 3 scrolls of remove curse
 m - a scroll of holy word {unknown}
 n - a scroll of amnesia
 t - 2 scrolls of enchant armour
 v - a scroll of fear
 x - a scroll of immolation {unknown}
 z - a scroll of vulnerability {unknown}
 B - a scroll of magic mapping
Potions
 g - a potion of flight
 l - a potion of lignification {unknown}
 p - 3 potions of agility
 u - a potion of brilliance
 w - a potion of might
 E - a potion of magic
Comestibles
 d - 15 rations


   Skills:
 + Level 7.2 Fighting
 - Level 1.7 Throwing
 * Level 8.1 Armour
 * Level 8.7 Dodging
 + Level 7.6 Unarmed Combat


You had 9 spell levels left.
You didn't know any spells.
Your spell library was empty.

Dungeon Overview and Level Annotations

Branches:
Dungeon (14/15)            Temple (1/1) D:5
   Lair: D:8-11         Orc: D:9-12      Vaults: D:13-14

Altars:
Ashenzari
Cheibriados
Elyvilon
Fedhas
Gozag
Hepliaklqana
Kikubaaqudgha
Makhleb
Nemelex Xobeh
Okawaru
Qazlal
Ru
Sif Muna
Trog
Uskayaw
Vehumet
Wu Jian
Xom
Yredelemnul
Zin

Shops:
D:13 *

Annotations:
D:6 2 transporters, Menkaure, Pikel
D:11 Maurice


Innate Abilities, Weirdness & Mutations

Your body is rotting away.
You thrive on raw meat.
You are immune to poison.
You have sharp fingernails.
You are carnivorous and can eat meat at any time.
Your flesh is cold resistant. (rC+)
You are immune to negative energy. (rN+++)
You do not regenerate when monsters are visible.
You are immune to unholy pain and torment.
You can survive without breathing.


Message History

Your claw misses the centaur.
The centaur is moderately wounded.
The centaur hits you.
The centaur warrior wields a shortbow.
The centaur warrior shoots an arrow.
The arrow hits you!
You claw the centaur!
The centaur is almost dead.
The centaur barely misses you.
The centaur warrior shoots an arrow.
The arrow misses you.
The arrow hits the centaur!
The centaur dies!
The centaur warrior shoots an arrow.
The arrow hits you.
* * * LOW HITPOINT WARNING * * *
Things that are here:
an uncursed shortbow; 18 arrows; a centaur corpse The centaur warrior shoots an arrow.
The arrow barely misses you.
Things that are here:
an uncursed shortbow; 15 arrows; a centaur corpse The centaur warrior shoots an arrow.
The arrow hits you!!
* * * LOW HITPOINT WARNING * * *
The centaur warrior shoots an arrow.
The arrow hits you.
You die...

,,,,,,,,,,,,..* *,*
************#.#* *,* *..* *,*
*#.#* *,******* #..* *,,,,,,,*
***** *#.## *******,* ,,..# #.)#
*,* **#.# ##)# *****,* #.# #@#
*,,,,,, #.# #.## *,***,* # #.#
#########..## *,*,,,, # #.#
#..(....(c..# *,*,***
###.####(########..#*******,*,***
.(........<...........,,,,,,,,,,,
#...####...>#.#....#....,,,,*****
#...#*#...#.#,*,,#.#.##.***** ***
#.............,,,*..,#*,* *,,


You could see a centaur warrior.

Vanquished Creatures
  The ghost of Paulus the Martial Artist, a novice OpTm of Cheibriados (D:11)
  A centaur skeleton (D:13)
  Sigmund (D:2)
  A water elemental (D:13)
  A water moccasin (D:11)
  3 sky beasts
  A black bear (D:7)
  An orc warrior (D:11)
  An ogre (D:6)
  5 centaurs
  A necrophage (D:13)
  8 big kobolds
  A bullfrog (D:6)
  A wyvern skeleton (D:4)
  2 scorpions
  3 howler monkeys
  A bullfrog zombie (D:6)
  5 crimson imps
  3 centaur zombies
  5 hounds
  3 orc priests
  4 orc wizards
  Jessica (D:3)
  4 iguanas
  4 worker ants
  A hound zombie (D:7)
  A worker ant zombie (D:11)
  6 gnolls
  14 adders
  2 river rats (Sewer)
  6 shadow imps
  A white imp (D:4)
  5 oozes
  3 adder skeletons
  6 worms
  4 dart slugs
  2 leopard geckos (D:3)
  33 orcs
  2 ball pythons (Sewer)
  6 giant cockroaches
  7 goblins
  5 hobgoblins
  7 jackals
  4 quokkas
  6 bats
  6 frilled lizards
  A jackal zombie (D:6)
  26 kobolds
  A leopard gecko skeleton (D:4)
  A leopard gecko zombie (D:5)
  A quokka skeleton (D:4)
  2 quokka zombies (D:5)
  10 rats
231 creatures vanquished.

Vanquished Creatures (others)
  A centaur (D:13)
  2 wights (D:11)
  An orc (D:11)
  A kobold (D:11)
5 creatures vanquished.

Grand Total: 236 creatures vanquished

Notes
Turn   | Place    | Note
-------+----------+-------------------------------------------
     0 | D:1      | Borgoz the Ghoul Gladiator began the quest for the Orb.
     0 | D:1      | Reached XP level 1. HP: 17/17 MP: 0/0
   240 | D:1      | Reached XP level 2. HP: 16/22 MP: 1/1
   405 | D:1      | Reached skill level 1 in Armour
   776 | D:1      | Reached XP level 3. HP: 30/30 MP: 2/2
  1223 | D:2      | Reached XP level 4. HP: 37/37 MP: 3/3
  1348 | D:2      | Noticed Sigmund
  1457 | D:3      | Reached XP level 5. HP: 41/45 MP: 4/4
  1622 | D:3      | Noticed Jessica
  1641 | D:3      | Killed Jessica
  1855 | D:2      | Killed Sigmund
  1855 | D:2      | Reached XP level 6. HP: 25/51 MP: 5/5
  2417 | D:3      | Found a burning altar of Makhleb.
  2417 | D:3      | Found a glowing silver altar of Zin.
  2418 | D:3      | Noticed an angel
  2418 | D:3      | Noticed a green death
  2844 | D:3      | Found a sparkling altar of Nemelex Xobeh.
  2844 | D:3      | Found a radiant altar of Vehumet.
  2845 | D:3      | Found a stormy altar of Qazlal.
  2929 | D:4      | Reached XP level 7. HP: 33/56 MP: 6/6
  3883 | D:5      | Entered Level 5 of the Dungeon
  3963 | D:5      | Reached skill level 5 in Dodging
  4117 | D:5      | Reached skill level 5 in Unarmed Combat
  4132 | D:5      | Reached XP level 8. HP: 57/67 MP: 7/7
  4297 | D:5      | Found a staircase to the Ecumenical Temple.
  4303 | Temple   | Entered the Ecumenical Temple
  4435 | D:5      | Found a glowing drain.
  4472 | Sewer    | Entered a sewer
  4694 | Sewer    | Reached skill level 5 in Armour
  4954 | Sewer    | Reached skill level 5 in Fighting
  5436 | D:5      | Reached XP level 9. HP: 46/73 MP: 8/8
  5524 | D:6      | Found a transporter.
  5880 | D:6      | Found a basalt altar of Yredelemnul.
  5881 | D:6      | Found a transporter.
  5881 | D:6      | Noticed Pikel
  5884 | D:6      | Noticed Menkaure
  5890 | D:6      | Found an ancient bone altar of Kikubaaqudgha.
  6719 | D:8      | You fall through a shaft for 2 floors!
  6719 | D:10     | Entered Level 10 of the Dungeon
  6719 | D:10     | Noticed a two-headed ogre
  6719 | D:10     | Noticed a two-headed ogre
  6899 | D:11     | Noticed Paulus's ghost (novice OpTm)
  6903 | D:11     | Noticed Maurice
  6921 | D:11     | Noticed a white ugly thing
  6935 | D:11     | Killed Paulus's ghost
  6935 | D:11     | Reached XP level 10. HP: 30/84 MP: 9/9
  6938 | D:11     | HP: 3/84 [white ugly thing (15)]
  7100 | D:11     | Noticed a four-headed hydra
  7133 | D:11     | Noticed a deep elf mage
  7133 | D:11     | Noticed a white ugly thing
  7440 | D:11     | You fall through a shaft for 3 floors!
  7583 | D:13     | Found Zotriokite's General Store.
  7629 | D:13     | Bought a scroll of magic mapping for 52 gold pieces
  7629 | D:13     | Bought a scroll of identify for 30 gold pieces
  7761 | D:13     | Noticed a centaur warrior
  7766 | D:13     | HP: 2/82 [centaur warrior/arrow (21)]
  7766 | D:13     | Shot with an arrow by a centaur warrior

Vault maps used:
D:1:      saegor_arrival_simple_b
D:2:      uniq_sigmund
D:3:      corexii_shack_village, grunt_temple_overflow_order_and_chaos_2,
          gammafunk_temple_overflow_claw, uniq_jessica
D:4:      first_ration, minmay_fire_ice_demons
D:5:      minmay_temple_entry_enclosed_plants, cheibrodos_sewer_entry_bend
D:6:      gammafunk_temple_of_torment, uniq_pikel
D:7:      uniq_menkaure
D:8:      nicolae_dithmenos_through_a_glass_darkly
D:11:     hangedman_stone_soup, uniq_maurice, uniq_sonja
D:13:     david_vaults_5, serial_shops, shop, lab_entry_generic, minivault_4,
          minmay_st_funbox
D:14:     serial_park_tiny_pond, roderic_lattice_a, kennysheep_potato,
          uniq_kirke
Temple:   cyrus_circular_temple
Sewer:    sewer_co_tree

Skill      XL: |  1  2  3  4  5  6  7  8  9 10 |
---------------+-------------------------------+-----
Dodging        | 3 4 5 6 8 |  8.7
Armour         | 1 2 3 4 5 7 8 |  8.1
Fighting       | 3 4 5 6 7 |  7.2
Unarmed Combat | 4 5 7 |  7.6
Throwing       | |  1.7

Action                   |  1- 3 |  4- 6 |  7- 9 | 10-12 || total
-------------------------+-------+-------+-------+-------++-------
Melee: Unarmed           |    99 |   187 |   686 |    99 ||  1071
       Punch             |     1 |       |    25 |    13 ||    39
  Use: Potion            |       |     7 |     3 |       ||    10
       Scroll            |       |     8 |    10 |     8 ||    26
 Stab: Sleeping          |       |     1 |       |       ||     1
  Eat: Chunk             |    12 |    19 |    73 |     9 ||   113
Armor: Leather armour    |    18 |    48 |   131 |    34 ||   231
Dodge: Dodged            |    46 |   146 |   452 |    76 ||   720

Table legend:
 A = Spawn XP
 B = Non-spawn XP
 C = Spawn XP percentage of total XP
 D = Spawn monster count
 E = Non-spawn monster count
 F = Spawn count percentage of total count
 G = Total turns spent on level
                    A         B        C        D         E        F      G
               +---------+---------+-------+---------+---------+-------+---------
         Total |       0 |    7452 |   0.0 |       0 |     232 |   0.0 |  7766
               +---------+---------+-------+---------+---------+-------+---------
           D:1 |       0 |      38 |   0.0 |       0 |      22 |   0.0 |  1062
           D:2 |       0 |     377 |   0.0 |       0 |      28 |   0.0 |   842
           D:3 |       0 |     206 |   0.0 |       0 |      33 |   0.0 |  1460
           D:4 |       0 |     242 |   0.0 |       0 |      11 |   0.0 |   519
           D:5 |       0 |     674 |   0.0 |       0 |      33 |   0.0 |   845
           D:6 |       0 |     739 |   0.0 |       0 |      27 |   0.0 |   560
           D:7 |       0 |     738 |   0.0 |       0 |      18 |   0.0 |   615
           D:8 |       0 |       5 |   0.0 |       0 |       1 |   0.0 |    62
          D:11 |       0 |    1306 |   0.0 |       0 |      19 |   0.0 |   717
          D:13 |       0 |    1811 |   0.0 |       0 |      10 |   0.0 |   237
          D:14 |       0 |     491 |   0.0 |       0 |       2 |   0.0 |    89
         Sewer |       0 |     825 |   0.0 |       0 |      28 |   0.0 |   702
               +---------+---------+-------+---------+---------+-------+---------
